 Dungeon Crawl Stone Soup version 0.20.1-1-g8b1a95d (webtiles) character file.

47 tidbits the Insei (level 3, 0/28 HPs)
             Began as a Demigod Wanderer on Aug 20, 2017.
             Slain by an orc
             ... wielding a +0 flail
              (8 damage)
             ... on level 3 of the Dungeon.
             The game lasted 00:04:54 (603 turns).

tidbits the Insei (Demigod Wanderer)                 Turns: 603, Time: 00:04:54

Health: 0/28       AC:  6    Str: 15    XL:     3   Next: 29%
Magic:  0/6        EV: 11    Int: 17    God:
Gold:   64         SH:  0    Dex: 16    Spells: 1/4 levels left

rFire    . . .     SeeInvis .   e - +0 dagger
rCold    . . .     Gourm    .   (no shield)
rNeg     . . .     Faith    .   B - +0 robe
rPois    .         Spirit   .   E - +2 helmet
rElec    .         Reflect  .   (no cloak)
rCorr    .         Harm     .   (no gloves)
MR       .....                  F - +0 pair of boots
Stlth    ++........             (no amulet)
Regen    0.1/turn               (no ring)
MPRegen  0.1/turn               (no ring)

@: no status effects
A: high mp 1
a: no special abilities


You were on level 3 of the Dungeon.
You were not hungry.

You visited 1 branch of the dungeon, and saw 3 of its levels.

You collected 64 gold pieces.

Inventory:

Hand Weapons
 e - a +0 dagger (weapon)
Armour
 B - a +0 robe (worn)
 E - a +2 helmet (worn)
 F - a +0 pair of boots (worn)
Scrolls
 j - a scroll of amnesia {unknown}
 l - a scroll of identify {unknown}
Potions
 d - a potion of mutation {unknown}
 g - a potion of ambrosia {unknown}
 h - 3 potions of curing {unknown}
 k - a potion of heal wounds {unknown}
Books
 a - a book of Air

   Spells                             Type                      Level
   a - Shock                          Conjuration/Air              1
   b - Swiftness                      Charms/Air                   2
   c - Static Discharge               Conjuration/Air              3
   d - Airstrike                      Air                          4
   e - Lightning Bolt                 Conjuration/Air              5
 b - Sikam's Papyrus of Dislocation

   Spells                             Type                      Level
   a - Shroud of Golubria             Charms/Translocation         2
   b - Blink                          Translocation                2
 c - Sif Muna's Grimoire of Companions

   Spells                             Type                      Level
   a - Summon Butterflies             Summoning                    1
   b - Recall                         Summoning/Translocation      3
Comestibles
 f - 3 bread rations
 i - a royal jelly


   Skills:
 - Level 1.0 Fighting
 - Level 2.6 Stealth
 + Level 3.1 Unarmed Combat
 - Level 1.0 Spellcasting
   Level 2.6 Summonings
 - Level 1.0 Air Magic


You had one spell level left.
You knew the following spells:

 Your Spells              Type           Power        Failure   Level  Hunger
z - Shock                 Conj/Air       #...         17%         1    ##.....
W - Swiftness             Chrm/Air       #.......     26%         2    ###....


Dungeon Overview and Level Annotations

Branches:
Dungeon (3/15)


Innate Abilities, Weirdness & Mutations

You have an increased reservoir of magic. (+10% MP)


Message History

You barely miss the jackal.
The jackal is heavily wounded.
The jackal barely misses you.
You hit the jackal.
You kill the jackal!
Found 10 gold pieces.
You see here a rat corpse.
You now have 54 gold pieces (gained 10).
You see here a rat corpse.
Magic restored.
There is a stone staircase leading down here.
Found a plate armour.
Found a bread ration.
Found a fizzy purple potion.
f - 3 bread rations (gained 1)
Found a stone staircase leading down.
h - 3 fizzy purple potions (gained 1)
A frilled lizard and 3 gnolls come into view.
There is a stone staircase leading down here.
You climb downwards.
An orc and an orc wizard come into view.
There is a stone staircase leading up here.
Casting: Shock
Confirm with . or Enter, or press ? or * to list all spells.
Aiming: Shock
Press: ? - help, Shift-Dir - straight line, f - orc
Aim: an orc, wielding a flail and wearing a leather armour (resting)
The zap hits the orc wizard.
The orc wizard is lightly wounded.
The orc wizard shouts!
The zap hits the orc.
The orc is lightly wounded.
You hear a shout! x3
The orc wizard gestures at you while chanting.
The magic dart hits you!
The orc moves out of view.
Found 17 gold pieces.
A hobgoblin comes into view.
The orc wizard miscasts a cantrip.
Found 10 gold pieces.
The orc wizard casts a spell at you. The magic dart hits you!
* * * LOW HITPOINT WARNING * * *
You now have 64 gold pieces (gained 10).
Casting: Shock
Confirm with . or Enter, or press ? or * to list all spells.
Aiming: Shock
Press: ? - help, Shift-Dir - straight line The zap hits the orc wizard.
The orc wizard is lightly wounded.
The zap misses the orc wizard.
Casting: Shock
Confirm with . or Enter, or press ? or * to list all spells.
Aiming: Shock
Press: ? - help, Shift-Dir - straight line The zap hits the orc wizard.
The orc wizard is lightly wounded.
The zap hits the orc wizard.
The orc wizard is moderately wounded.
The orc wizard begins to cast a cantrip, but forgets the words!
Casting: Shock
Confirm with . or Enter, or press ? or * to list all spells.
Aiming: Shock
Press: ? - help, Shift-Dir - straight line The zap misses the orc wizard.
The zap misses the orc. x2
The zap hits the orc wizard.
The orc wizard is heavily wounded.
Casting: Shock
Confirm with . or Enter, or press ? or * to list all spells.
Aiming: Shock
Press: ? - help, Shift-Dir - straight line The zap misses the orc wizard.
The zap hits the orc.
The orc is heavily wounded.
The zap misses the orc.
The zap hits the orc wizard.
The orc wizard is severely wounded.
The orc wizard hits you but does no damage.
Okay, then.
Unknown command.
Casting: Shock
Confirm with . or Enter, or press ? or * to list all spells.
Aiming: Shock
Press: ? - help, Shift-Dir - straight line The zap hits the orc wizard.
The orc wizard is almost dead.
The zap hits the orc wizard.
You kill the orc wizard!
Your Unarmed Combat skill increases to level 3!
You have reached level 3!
Your experience leads to a dramatic increase in your attributes!
Increase (S)trength, (I)ntelligence, or (D)exterity?
You feel clever. x2
The orc hits you with a flail.
* * * LOW HITPOINT WARNING * * *
Unknown command.
You barely miss the orc.
The orc is heavily wounded.
The orc misses you.
You closely miss the orc.
The orc is heavily wounded.
The orc hits you with a flail!
You die...

.. ... ..
... #..# .#
....#..# .#
....#..# .#
.......###.#
#........##
#....$o...#
#..)@..# #
#.###..#
#.#.# ..#
#.#.# ..#
#.#.# ..#
#..o# ..#
#..o# .##
#..<# .#
#.g##


You could see an orc.

Vanquished Creatures
  An orc wizard (D:3)
  A leopard gecko (D:2)
  2 giant cockroaches (D:1)
  3 goblins
  2 hobgoblins (D:1)
  3 jackals (D:2)
  2 bats
  2 kobolds
  A rat (D:2)
17 creatures vanquished.

Notes
Turn   | Place    | Note
-------+----------+-------------------------------------------
     0 | D:1      | tidbits the Demigod Wanderer began the quest for the Orb.
     0 | D:1      | tidbits set off with: a book of Air, Sikam's Papyrus of Dislocation, Sif Muna's Grimoire of Companions, a +0 robe, a +0 dagger, a bread ration
     0 | D:1      | Reached XP level 1. HP: 16/16 MP: 4/4
     0 | D:1      | Identified Sikam's Papyrus of Dislocation
     0 | D:1      | Identified Sif Muna's Grimoire of Companions
     2 | D:1      | Learned a level 1 spell: Shock
   191 | D:1      | Reached skill level 2 in Unarmed Combat
   347 | D:1      | Reached XP level 2. HP: 23/23 MP: 3/5
   392 | D:1      | You fall through a shaft!
   414 | D:2      | Learned a level 2 spell: Swiftness
   601 | D:3      | Reached skill level 3 in Unarmed Combat
   601 | D:3      | Reached XP level 3. HP: 10/28 MP: 0/6
   603 | D:3      | Slain by an orc

Skill      XL: |  1  2 |
---------------+-------+-----
Unarmed Combat | 2 3 |  3.1
Fighting       | |  1.0
Stealth        | |  2.6
Spellcasting   | |  1.0
Summonings     | |  2.6
Air Magic      | |  1.0

Action                   || total
-------------------------++-------
Melee: Dagger            ||    28
       Punch             ||     1
 Cast: Shock             ||    27
 Stab: Sleeping          ||     2
Armor: Robe              ||     8
Dodge: Dodged            ||    20

Table legend:
 A = Turns spent in this place as a percentage of turns spent in the entire game.
 B = Non-inter-level travel turns spent in this place as a percentage of non-inter-level travel turns spent in the entire game.
 C = Inter-level travel turns spent in this place as a percentage of turns spent in this place.
 D = Turns resting spent in this place as a percentage of non-inter-level travel turns spent in this place.
 E = Turns spent auto-exploring this place as a percentage of non-inter-level travel turns spent in this place.
 F = Non-inter-level travel turns spent in this place divided by the number of levels of this place that you've seen.
                   A       B       C       D       E      F
               +-------+-------+-------+-------+-------+----------------------
         Total | 100.0 | 100.0 |   0.2 |   0.0 |   0.0 | 166.7
       Dungeon | 100.0 | 100.0 |   0.2 |   0.0 |   0.0 | 166.7
               +-------+-------+-------+-------+-------+----------------------

Table legend:
 A = Kills in this place as a percentage of kills in entire the game.
 B = Kills by you in this place as a percentage of kills by you in the entire game.
 C = Kills by friends in this place as a percentage of kills by friends in the entire game.
 D = Other kills in this place as a percentage of other kills in the entire game.
 E = Experience gained in this place as a percentage of experience gained in the entire game.
 F = Experience gained in this place divided by the number of levels of this place that you have seen.
                   A       B       C       D       E      F
               +-------+-------+-------+-------+-------+----------------------
         Total | 100.0 | 100.0 |  -nan |  -nan | 100.0 |  22.7
       Dungeon | 100.0 | 100.0 |  -nan |  -nan | 100.0 |  22.7
               +-------+-------+-------+-------+-------+----------------------

Vault maps used:
D:1:      evilmike_arrival_crescent
D:2:      amethyst_overflow_temple_binary, bloody_makhleb, first_bread
D:3:      chequers_ecumenical_altar_simple, minmay_crystal_room,
          grunt_qazlal_clouds, uniq_terence, uniq_ijyb
